 Dungeon Crawl Stone Soup version 0.31-a0-819-gf6de2f5ab6 (webtiles) character file.

Game seed: 9397155776649376684

119552 qw the Marksgargoyle (level 16, -15/100 HPs)
             Began as a Gargoyle Hunter on Sept 23, 2023.
             Was an Elder of Okawaru.
             Demolished by a salamander mystic
             ... wielding a +0 quarterstaff
              (18 damage)
             ... on level 2 of the Snake Pit.
             The game lasted 00:13:25 (26102 turns).

qw the Marksgargoyle (Gargoyle Hunter)             Turns: 26102, Time: 00:13:25

Health: -15/100    AC: 27    Str: 20    XL:     16   Next: 79%
Magic:  23/23      EV: 18    Int: 14    God:    Okawaru [****..]
Gold:   343        SH:  5    Dex: 18    Spells: 15/15 levels left

rFire   . . .        v - +4 longbow
rCold   + . .        (shield currently unavailable)
rNeg    + . .        x - +3 ring mail {rC+}
rPois   inf          e - +1 hat
rElec   +            c - scarf of Vlad {repulsion, Int+4}
rCorr   .            b - +1 pair of gloves
SInv    +            j - +1 pair of boots
Will    +....        r - amulet of reflection
Stlth   +            m - +5 ring of evasion
HPRegen 0.36/turn    t - ring of see invisible
MPRegen 0.18/turn

%: repel missiles, reflection
@: flying, slowed, constricted, very slow
A: sickness immunity, AC +12, big wings, negative energy resistance 1,
electricity resistance, torment resistance 1, petrification resistance, talons
1, frail 1, strong 1
a: Renounce Religion, Heroism, Finesse


You were on level 2 of the Snake Pit.
You worshipped Okawaru.
Okawaru was greatly pleased with you.
You visited 5 branches of the dungeon, and saw 25 of its levels.

You collected 2359 gold pieces.
You spent 2016 gold pieces at shops.


Innate Abilities, Weirdness & Mutations

You are immune to sickness and miasma.
Your stone body is resilient. (AC +12)
You are immune to poison.
Your large and strong wings let you fly.
You resist negative energy. (rN+)
You are resistant to electric shocks. (rElec)
You are resistant to unholy torment.
You are immune to petrification.
You have sharp toenails.
You are frail. (-10% HP)
Your muscles are strong. (Str +4, Int/Dex -1)


   Skills:
 - Level 17.0 Fighting
 - Level 20.0 Ranged Weapons
 + Level 8.6 Armour
 - Level 9.5 Dodging
 - Level 1.1 Stealth
 - Level 10.0 Invocations


You had 15 spell levels left.
You didn't know any spells.
Your spell library was empty.

Inventory:

Hand Weapons
 v - a +4 longbow (weapon)
Armour
 b - a +1 pair of gloves (worn)
 c - the scarf of Vlad (worn) {repulsion, Int+4}
   (You acquired it on level 4 of the Dungeon)

   Int+4:     It affects your intelligence (+4).
 e - a +1 hat (worn)
 j - a +1 pair of boots (worn)
 k - a +2 cloak of stealth
 l - a +0 troll leather armour
 n - a +1 ring mail of fire resistance
 x - a +3 ring mail of cold resistance (worn)
 y - a +3 leather armour of willpower
 A - a +2 pair of gloves
 B - the +1 pair of gloves "Seag" {Harm Stlth+}
   (You found it on level 11 of the Dungeon)

   Harm:      It increases damage dealt and taken.
   Stlth+:    It makes you more stealthy.
Jewellery
 m - a +5 ring of evasion (left hand)
 r - an amulet of reflection (around neck)
 s - a +4 ring of protection
 t - a ring of see invisible (right hand)
 z - a ring of protection from fire
Wands
 p - a wand of digging (9)
Scrolls
 d - 10 scrolls of identify
 o - 9 scrolls of teleportation
Potions
 a - 3 potions of enlightenment
 f - a potion of magic
 g - 9 potions of curing
 h - 2 potions of cancellation
 i - a potion of heal wounds
 q - 3 potions of haste
 u - a potion of resistance
 w - 2 potions of might

Dungeon Overview and Level Annotations

Branches:
Dungeon (15/15)            Temple (1/1) D:5            Lair (5/5) D:11
 Shoals (0/4) Lair:2        Snake (2/4) Lair:3        Slime (0/5) Lair:5
    Orc (2/2) D:9             Elf (0/3) Orc:2        Vaults (0/5) D:13
 Depths (0/4) D:15

Altars:
Ashenzari
Cheibriados
Dithmenos
Elyvilon
Fedhas
Gozag
Hepliaklqana
Kikubaaqudgha
Makhleb
Nemelex Xobeh
Okawaru
Qazlal
Ru
Sif Muna
Trog
Uskayaw
Vehumet
Wu Jian
Xom
Yredelemnul
Zin
The Shining One
Jiyva

Shops:
D:1 (   D:4 [   D:5 *:   D:9 :*   D:11 [   D:13 *   D:15 (   Orc:1 *
Orc:2 (([*   Snake:1 :   Snake:2 :=:?

Portals:
Trove: D:11 (give 3 potions of resistance)

Annotations:
D:5 2 transporters
D:8 1 runed translucent door, qw's ghost, novice GrHu
D:15 exclusion: fire giant
Lair:5 1 runed translucent door


Message History

Enter note:
Enter note:
26101 |||
Found retreat position at 6,-4 (floor) with 1 blocking monsters and 3 monsters attacking at destination at distance 6 You shoot an arrow.
The arrow hits the salamander mystic!!
The salamander mystic is severely wounded.
The naga mage spits poison at you.
The splash of poison is repelled.
The splash of poison hits the guardian serpent but does no damage.
The guardian serpent is poisoned.
The salamander completely misses you.
The guardian serpent casts a spell at you.
You easily resist.
The guardian serpent closely misses you.
The salamander mystic hits you with a +0 quarterstaff.
You are engulfed in flames!
The naga mage hits you with a +0 club. The naga mage grabs you.
The naga mage constricts you. The naga warrior misses you.
The guardian serpent misses you.
The naga mage hits you but does no damage.
The salamander hits you but does no damage.
The guardian serpent barely misses you.
You shoot an arrow. The arrow hits the naga mage.
The naga mage is lightly wounded.
The naga mage hits you but does no damage.
The naga mage constricts you.
The guardian serpent hits you but does no damage.
You block the salamander mystic's attack.
The guardian serpent hits you!
The naga warrior hits you but does no damage.
The naga mage mumbles some strange words.
The naga mage seems to speed up.
The salamander hits you with a +2 heavy halberd!!!
You are engulfed in flames!
The naga mage points at you and mumbles some strange words.
The bolt of poison hits you but does no damage.
You resist.
The bolt of poison hits the guardian serpent.
The guardian serpent looks even sicker.
The naga mage constricts you. The guardian serpent misses you.
The salamander mystic hits you with a +0 quarterstaff.
You are engulfed in flames!!
You die...

.##........##
#.......####......% .
#.....####
#...............#.. .
###...#
#.......#####...... .
##### ####..)#### #...)..
#.........# ###...#
#......##.# ###.#
#....####.#######>.
##NNN.# #.%..).##..
##.S@N## ######.....
.####..SN## ####...##...
.N.......#####...........
.#.......#...#...........
#.......#...#.>........#
#...###.....####...###.#
...## ###..........# #.#
##. ####.......###.. .
##...##..##..


You could see 2 naga warriors, a salamander mystic (strong), a salamander (fast,
strong), 2 guardian serpents and 2 naga magi.

Vanquished Creatures
  Frances (Snake:2)
  A fire giant (D:15)
  An orc warlord (Orc:2)
  Harold (Lair:2)
  6 hydras
  8 vault guards (D:13)
  3 anacondas (Snake:2)
  6 centaur warriors
  5 two-headed ogres
  Erica (D:10)
  A boulder beetle (D:12)
  4 catoblepae (Lair:5)
  3 tengu warriors
  14 death yaks
  2 orc high priests (Orc:2)
  4 naga warriors
  Sonja (D:10)
  6 naga sharpshooters
  2 shock serpents
  Amaemon (Lair:2)
  7 skeletal warriors
  A death drake (shapeshifter) (D:15)
  A naga ritualist (Snake:2)
  2 orc knights (Orc:2)
  4 deep elf pyromancers
  Pikel (D:4)
  5 mana vipers
  5 salamanders
  2 orc sorcerers (Orc:2)
  12 ugly things
  6 manticores
  6 cyclopes
  A merfolk siren (Lair:2)
  Maurice (D:8)
  A guardian serpent (Snake:2)
  7 naga magi
  20 black mambas
  13 cane toads
  An orange demon (Lair:2)
  3 komodo dragons
  Maggie (Lair:2)
  9 trolls
  2 rime drakes
  3 meliai (D:13)
  A merfolk (Lair:2)
  A polar bear (Lair:3)
  22 blink frogs
  13 slime creatures
  3 centaur simulacra (D:11)
  3 wyverns
  A wraith (D:11)
  A shadow (D:10)
  84 yaks
  7 basilisks
  A steam dragon (D:6)
  6 vampire mosquitoes
  Menkaure (D:5)
  18 nagas
  13 water moccasins
  4 acid dragons
  4 wargs
  Duvessa (D:5)
  28 orc warriors
  5 black bears
  2 sky beasts (D:6)
  An ice beast (D:5)
  3 ogres
  17 wolves
  7 centaurs
  2 kobold brigands
  A lemure (D:4)
  11 bullfrogs
  4 scorpions
  12 wights (D:9)
  Dowan (D:5)
  6 mutant beasts (D:9)
  27 killer bees
  A troll skeleton (D:10)
  2 howler monkeys (D:8)
  6 spriggan skeletons (D:10)
  2 electric eels
  5 hounds
  A jelly (D:4)
  A gnoll bouda (D:8)
  26 orc priests
  An iguana (D:4)
  27 orc wizards
  3 sleepcaps
  10 hell rats
  Ijyb (D:4)
  15 gnolls
  7 adders
  A shadow imp (D:6)
  An ufetubus (D:4)
  2 worms
  3 dart slugs
  99 orcs
  9 bats
  10 endoplasms
  5 giant cockroaches
  9 goblins
  6 hobgoblins
  14 kobolds
  6 quokkas
  5 ball pythons
  2 frilled lizards
  3 rats
779 creatures vanquished.

Notes
Turn   | Place    | Note
-------+----------+-------------------------------------------
     0 | D:1      | qw the Gargoyle Hunter began the quest for the Orb.
     0 | D:1      | Reached XP level 1. HP: 12/12 MP: 1/1
     0 | D:1      | 0 ||| qw: Version: 0.3-a-83-gcd0e7d8
     0 | D:1      | 0 ||| qw: Game counter: 1671
     0 | D:1      | 0 ||| qw: Melee chars always use a shield: true
     0 | D:1      | 0 ||| qw: God list: Okawaru
     0 | D:1      | 0 ||| qw: Allow faded altars: false
     0 | D:1      | 0 ||| qw: Do Orc after clearing Dungeon:15 true
     0 | D:1      | 0 ||| qw: Do second Lair branch before Depths: true
     0 | D:1      | 0 ||| qw: Lair rune preference: random
     0 | D:1      | 0 ||| qw: Goals: Normal
     0 | D:1      | 0 ||| PLANNING D:1-11
    52 | D:1      | Reached XP level 2. HP: 17/17 MP: 2/2
    60 | D:1      | Found Jaedetz's Antique Weapon Shoppe.
   354 | D:1      | 354 ||| READING scroll labelled QALITHR YTZAM.
   358 | D:1      | 358 ||| READING scroll labelled OGETZU BIPU.
   359 | D:1      | 359 ||| DROPPING scroll of butterflies.
   375 | D:2      | 375 ||| STAIRDANCE
   380 | D:2      | 380 ||| STAIRDANCE
   418 | D:2      | Reached skill level 5 in Ranged Weapons
   418 | D:2      | Reached XP level 3. HP: 7/21 MP: 3/3
   418 | D:2      | HP: 5/21 [frozen (2)]
   420 | D:2      | 420 ||| STAIRDANCE
   959 | D:2      | Reached skill level 3 in Fighting
  1029 | D:2      | Reached XP level 4. HP: 28/28 MP: 4/4
  1429 | D:2      | 1429 ||| UPGRADING to +0 helmet.
  1434 | D:2      | 1434 ||| READING scroll labelled TIBLOU JEFEUPT.
  1435 | D:2      | 1435 ||| READING scroll labelled AMMIUMPIYBI.
  1436 | D:2      | 1436 ||| READING scroll labelled ZAJIDA TEEM.
  1437 | D:2      | 1437 ||| DRINKING 2 fuming amethyst potions.
  1437 | D:2      | Gained mutation: You are vulnerable to cold. (rC-) [potion
                  | of mutation]
  1437 | D:2      | Gained mutation: You are weak. (Str -2) [potion of
                  | mutation]
  1437 | D:2      | Gained mutation: You are partially covered in iridescent
                  | scales. (AC +2) [potion of mutation]
  1438 | D:2      | 1438 ||| DRINKING potion of mutation.
  1438 | D:2      | Lost mutation: You are weak. (Str -2) [potion of mutation]
  1438 | D:2      | Lost mutation: You are partially covered in iridescent
                  | scales. (AC +2) [potion of mutation]
  1438 | D:2      | Lost mutation: You are vulnerable to cold. (rC-) [potion of
                  | mutation]
  1438 | D:2      | Gained mutation: Armour fits poorly on your strangely
                  | shaped body. [potion of mutation]
  1438 | D:2      | Gained mutation: You occasionally lose the ability to drink
                  | potions when taking damage. [potion of mutation]
  1438 | D:2      | Gained mutation: You passively dampen the noise of your
                  | surroundings. [potion of mutation]
  1847 | D:3      | Reached XP level 5. HP: 14/32 MP: 5/5
  2001 | D:3      | Reached skill level 6 in Ranged Weapons
  2082 | D:3      | Reached skill level 1 in Armour
  2405 | D:3      | 2405 ||| READING scroll labelled KODYMUJAHA.
  2406 | D:3      | 2406 ||| READING scroll labelled SIYMOOXU YJYO.
  2407 | D:3      | 2407 ||| DRINKING 2 inky potions.
  2452 | D:4      | Reached XP level 6. HP: 38/38 MP: 6/6
  2531 | D:4      | Noticed a water moccasin
  2537 | D:4      | Killed a water moccasin
  2538 | D:4      | Reached skill level 7 in Ranged Weapons
  2569 | D:4      | Reached XP level 7. HP: 43/43 MP: 7/7
  2580 | D:4      | 2580 ||| SWAPPING to +0 arbalest of freezing.
  2581 | D:4      | 2581 ||| DROPPING +1 shortbow of flaming.
  2850 | D:4      | Reached skill level 8 in Ranged Weapons
  2944 | D:4      | Noticed Pikel
  2945 | D:4      | 2945 ||| RETREEAATING.
  2947 | D:4      | 2947 ||| RETREEAATING.
  2958 | D:4      | HP: 9/43 [Pikel/+2 whip of freezing (3)]
  2959 | D:4      | 2959 ||| READING scroll of teleportation.
  2959 | D:4      | HP: 4/43 [Pikel/+2 whip of freezing (5)]
  2959 | D:4      | HP: 1/43 [Pikel/+2 whip of freezing (3)]
  2960 | D:4      | Killed Pikel
  2961 | D:4      | Reached skill level 6 in Fighting
  2961 | D:4      | Reached XP level 8. HP: 2/52 MP: 8/8
  3141 | D:4      | Found Voedytea's Armour Boutique.
  3146 | D:4      | 3146 ||| BUYING +0 ring mail (56 gold).
  3146 | D:4      | Bought a +0 ring mail for 56 gold pieces
  3146 | D:4      | 3146 ||| SHOPLISTING +1 ring mail of fire resistance (224
                  | gold, have 100).
  3146 | D:4      | 3146 ||| SHOPLISTING scarf of resistance (448 gold, have
                  | 100).
  3530 | D:4      | 3530 ||| UPGRADING to +0 ring mail.
  3540 | D:4      | 3540 ||| DROPPING +0 leather armour.
  3541 | D:4      | 3541 ||| UPGRADING to +0 pair of boots.
  3546 | D:4      | 3546 ||| UPGRADING to ring of see invisible.
  3547 | D:4      | 3547 ||| READING scroll labelled ATAIR ZI UGOTI.
  3548 | D:4      | 3548 ||| READING scroll labelled LEALU YMASEMOR.
  3548 | D:4      | Identified a scroll of acquirement
  3548 | D:4      | 3548 ||| ACQUIRING scarf of Vlad {repulsion, Int+4}
  3548 | D:4      | Acquired the scarf of Vlad {repulsion, Int+4}
  3550 | D:4      | 3550 ||| UPGRADING to scarf of Vlad {repulsion, Int+4}.
  3569 | D:5      | Entered Level 5 of the Dungeon
  3569 | D:5      | Noticed Ijyb
  3575 | D:5      | 3575 ||| STAIRDANCE
  3580 | D:4      | Killed Ijyb
  3602 | D:5      | 3602 ||| STAIRDANCE
  3671 | D:5      | 3671 ||| STAIRDANCE
  3789 | D:5      | Noticed Duvessa
  3794 | D:5      | Killed Duvessa
  3795 | D:5      | Reached skill level 9 in Ranged Weapons
  3806 | D:5      | Noticed Dowan
  3810 | D:5      | Killed Dowan
  3849 | D:5      | Found Muri Zuick's Self-Published Books.
  3869 | D:5      | 3869 ||| READING scroll of enchant weapon.
  3869 | D:5      | 3869 ||| ENCHANTING +0 arbalest of freezing.
  3951 | D:5      | Found a staircase to the Ecumenical Temple.
  3953 | D:5      | 3953 ||| PLANNING TEMPLE
  3953 | D:5      | 3953 ||| UPGRADING to +1 ring mail of fire resistance.
  3963 | D:5      | 3963 ||| DROPPING +0 ring mail.
  3964 | D:5      | 3964 ||| UPGRADING to amulet of guardian spirit.
  3969 | D:5      | 3969 ||| UPGRADING to ring of protection from fire.
  3970 | D:5      | 3970 ||| READING scroll labelled WUMAULO DOEFA.
  4002 | D:5      | 4002 ||| DRINKING 2 brown potions.
  4003 | D:5      | 4003 ||| DROPPING potion of attraction.
  4013 | Temple   | Entered the Ecumenical Temple
  4014 | Temple   | 4014 ||| PLANNING OKAWARU WORSHIP
  4034 | Temple   | Became a worshipper of Warmaster Okawaru
  4035 | Temple   | 4035 ||| PLANNING D:1-11
  4035 | Temple   | 4035 ||| REMOVING amulet of guardian spirit.
  4040 | Temple   | 4040 ||| DROPPING amulet of guardian spirit.
  4109 | D:5      | Noticed Menkaure
  4114 | D:5      | Killed Menkaure
  4182 | D:5      | Found a transporter.
  4184 | D:5      | Found Odacsod's General Store.
  4202 | D:5      | Found a transporter.
  4377 | D:6      | Reached XP level 9. HP: 56/56 MP: 9/9
  4387 | D:6      | HP: 14/56 [black bear (7)]
  4389 | D:6      | Reached skill level 10 in Ranged Weapons
  4549 | D:6      | Reached skill level 3 in Armour
  4683 | D:6      | Found a glowing golden altar of the Shining One.
  4909 | D:6      | 4909 ||| READING scroll labelled QIOBACEDUFAE.
  4910 | D:6      | 4910 ||| READING 2 scrolls of identify.
  4910 | D:6      | 4910 ||| IDENTIFYING glowing blue potion
  4938 | D:7      | 4938 ||| RETREEAATING.
  4939 | D:7      | 4939 ||| STILL RETREEAATING.
  4940 | D:7      | 4940 ||| STILL RETREEAATING.
  4941 | D:7      | 4941 ||| Stepping ~*~*~tactically~*~*~ (retreating).
  4942 | D:7      | 4942 ||| Stepping ~*~*~tactically~*~*~ (retreating).
  4943 | D:7      | 4943 ||| STAIRDANCE
  4950 | D:6      | HP: 13/57 [killer bee (4)]
  4951 | D:6      | 4951 ||| READING scroll of teleportation.
  5121 | D:7      | 5121 ||| STAIRDANCE
  5124 | D:6      | Reached * piety under Okawaru
  5128 | D:7      | 5128 ||| STAIRDANCE
  5137 | D:6      | 5137 ||| INVOKING Heroism.
  5285 | D:7      | 5285 ||| STAIRDANCE
  5291 | D:7      | 5291 ||| INVOKING Heroism.
  5292 | D:7      | 5292 ||| STAIRDANCE
  5296 | D:6      | Reached skill level 11 in Ranged Weapons
  5311 | D:7      | 5311 ||| STAIRDANCE
  5316 | D:7      | 5316 ||| INVOKING Heroism.
  5317 | D:7      | 5317 ||| STAIRDANCE
  5336 | D:7      | 5336 ||| INVOKING Heroism.
  5341 | D:7      | 5341 ||| STAIRDANCE
  5525 | D:7      | Reached skill level 3 in Dodging
  5633 | D:7      | Reached skill level 1 in Invocations
  5731 | D:7      | 5731 ||| DRINKING 2 grey potions.
  5732 | D:7      | 5732 ||| DRINKING 2 murky inky potions.
  5733 | D:7      | 5733 ||| DROPPING potion of brilliance.
  5734 | D:7      | 5734 ||| DROPPING potion of invisibility.
  5863 | D:8      | 5863 ||| Stepping ~*~*~tactically~*~*~ (retreating).
  5864 | D:8      | 5864 ||| Stepping ~*~*~tactically~*~*~ (retreating).
  5866 | D:8      | 5866 ||| Stepping ~*~*~tactically~*~*~ (retreating).
  5880 | D:8      | 5880 ||| Stepping ~*~*~tactically~*~*~ (retreating).
  5882 | D:8      | 5882 ||| Stepping ~*~*~tactically~*~*~ (retreating).
  5884 | D:8      | 5884 ||| Stepping ~*~*~tactically~*~*~ (retreating).
  6070 | D:8      | 6070 ||| READING scroll of enchant weapon.
  6070 | D:8      | 6070 ||| ENCHANTING +1 arbalest of freezing.
  6132 | D:8      | Noticed Maurice
  6136 | D:8      | Maurice stole a ring of see invisible
  6137 | D:8      | Maurice stole 344 gold
  6140 | D:8      | Killed Maurice
  6140 | D:8      | Reached ** piety under Okawaru
  6141 | D:8      | Reached skill level 3 in Invocations
  6141 | D:8      | Reached XP level 10. HP: 62/64 MP: 12/12
  6167 | D:8      | 6167 ||| FLEEEEING.
  6168 | D:8      | 6168 ||| FLEEEEING.
  6181 | D:8      | 6181 ||| INVOKING Heroism.
  6530 | D:8      | Found a runed translucent door.
  6845 | D:8      | Noticed qw's ghost (novice GrHu)
  6846 | D:8      | Identified the +5 spear "Zeimp" {elec, Int+4}
  6860 | D:8      | 6860 ||| DROPPING +0 cloak.
  6861 | D:8      | 6861 ||| UPGRADING to amulet of regeneration.
  6866 | D:8      | 6866 ||| READING scroll labelled HIRETTEINI.
  6867 | D:8      | 6867 ||| READING scroll labelled ZIOPAPNAZE.
  6868 | D:8      | 6868 ||| DROPPING potion of lignification.
  6968 | D:9      | Reached skill level 12 in Ranged Weapons
  6989 | D:9      | 6989 ||| Stepping ~*~*~tactically~*~*~ (retreating).
  6990 | D:9      | 6990 ||| Stepping ~*~*~tactically~*~*~ (retreating).
  6993 | D:9      | 6993 ||| Stepping ~*~*~tactically~*~*~ (retreating).
  7037 | D:9      | 7037 ||| INVOKING Heroism.
  7059 | D:9      | Noticed a tengu warrior
  7060 | D:9      | Noticed a centaur warrior
  7065 | D:9      | 7065 ||| INVOKING Heroism.
  7066 | D:9      | Killed a tengu warrior
  7070 | D:9      | Killed a centaur warrior
  7070 | D:9      | Reached *** piety under Okawaru
  7071 | D:9      | Reached skill level 13 in Ranged Weapons
  7104 | D:9      | Noticed a cyclops
  7105 | D:9      | 7105 ||| INVOKING Heroism.
  7106 | D:9      | 7106 ||| Stepping ~*~*~tactically~*~*~ (retreating).
  7110 | D:9      | Killed a cyclops
  7135 | D:9      | Noticed a red ugly thing
  7143 | D:9      | Killed a red ugly thing
  7144 | D:9      | Reached skill level 9 in Fighting
  7144 | D:9      | Reached XP level 11. HP: 54/71 MP: 14/14
  7196 | D:9      | Identified the +7 chain mail of Hide-and-Seek {rElec Int+2}
  7321 | D:9      | Reached **** piety under Okawaru
  7365 | D:9      | 7365 ||| INVOKING Heroism.
  7483 | D:9      | Noticed a juvenile weirdox beast
  7484 | D:9      | 7484 ||| Stepping ~*~*~tactically~*~*~ (retreating).
  7511 | D:9      | 7511 ||| INVOKING Heroism.
  7513 | D:9      | Killed a juvenile weirdox beast
  7568 | D:9      | Found a staircase to the Orcish Mines.
  7715 | D:9      | 7715 ||| RETREEAATING.
  7755 | D:9      | Found Qaw Domok's Book Shop.
  7913 | D:9      | 7913 ||| RETREEAATING.
  7918 | D:9      | 7918 ||| Stepping ~*~*~tactically~*~*~ (retreating).
  7924 | D:9      | Reached skill level 14 in Ranged Weapons
  7955 | D:9      | Found Hipres Ubrea's Assorted Antiques.
  7960 | D:9      | 7960 ||| BUYING 2 black potions (48 gold).
  7960 | D:9      | Bought 2 black potions for 48 gold pieces
  7960 | D:9      | 7960 ||| BUYING agate ring (135 gold).
  7960 | D:9      | Bought an agate ring for 135 gold pieces
  7960 | D:9      | 7960 ||| BUYING blue potion (24 gold).
  7960 | D:9      | Bought a blue potion for 24 gold pieces
  7960 | D:9      | 7960 ||| BUYING blue potion (24 gold).
  7960 | D:9      | Bought a blue potion for 24 gold pieces
  7960 | D:9      | 7960 ||| BUYING red potion (24 gold).
  7960 | D:9      | Bought a red potion for 24 gold pieces
  7960 | D:9      | 7960 ||| BUYING scroll of identify (54 gold).
  7960 | D:9      | Bought a scroll of identify for 54 gold pieces
  8097 | D:9      | 8097 ||| UPGRADING to +0 pair of gloves.
  8102 | D:9      | 8102 ||| UPGRADING to amulet of reflection.
  8112 | D:9      | 8112 ||| DROPPING amulet of regeneration.
  8113 | D:9      | 8113 ||| UPGRADING to ring of protection from cold.
  8115 | D:9      | 8115 ||| DRINKING 2 bubbling black potions.
  8116 | D:9      | 8116 ||| DRINKING 3 blue potions.
  8117 | D:9      | 8117 ||| DRINKING 3 black potions.
  8118 | D:9      | 8118 ||| READING 2 scrolls of identify.
  8118 | D:9      | 8118 ||| IDENTIFYING smoky orange potion
  8167 | D:10     | Entered Level 10 of the Dungeon
  8239 | D:10     | Noticed Sonja
  8250 | D:10     | Killed Sonja
  8251 | D:10     | Reached skill level 6 in Invocations
  8263 | D:10     | 8263 ||| INVOKING Heroism.
  8306 | D:10     | Identified the staff "Sifah" {rC+ Str+4 Ice}
  8315 | D:10     | 8315 ||| Stepping ~*~*~tactically~*~*~ (retreating).
  8316 | D:10     | 8316 ||| Stepping ~*~*~tactically~*~*~ (retreating).
  8317 | D:10     | 8317 ||| Stepping ~*~*~tactically~*~*~ (retreating).
  8318 | D:10     | 8318 ||| Stepping ~*~*~tactically~*~*~ (retreating).
  8319 | D:10     | 8319 ||| Stepping ~*~*~tactically~*~*~ (retreating).
  8320 | D:10     | 8320 ||| Stepping ~*~*~tactically~*~*~ (retreating).
  8321 | D:10     | 8321 ||| FLEEEEING.
  8322 | D:10     | 8322 ||| FLEEEEING.
  8323 | D:10     | 8323 ||| RETREEAATING.
  8324 | D:10     | 8324 ||| STILL RETREEAATING.
  8325 | D:10     | 8325 ||| INVOKING Heroism.
  8566 | D:10     | 8566 ||| INVOKING Heroism.
  8663 | D:10     | 8663 ||| RETREEAATING.
  8723 | D:10     | Noticed Erica
  8724 | D:10     | 8724 ||| INVOKING Heroism.
  8728 | D:10     | Killed Erica
  8728 | D:10     | Reached ***** piety under Okawaru
  8729 | D:10     | Reached XP level 12. HP: 68/77 MP: 14/17
  9437 | D:11     | Found Bamerph's Antique Armour Shop.
  9443 | D:11     | 9443 ||| Stepping ~*~*~tactically~*~*~ (retreating).
  9444 | D:11     | 9444 ||| Stepping ~*~*~tactically~*~*~ (retreating).
  9449 | D:11     | 9449 ||| Stepping ~*~*~tactically~*~*~ (retreating).
  9450 | D:11     | 9450 ||| Stepping ~*~*~tactically~*~*~ (retreating).
  9451 | D:11     | 9451 ||| Stepping ~*~*~tactically~*~*~ (retreating).
  9538 | D:11     | 9538 ||| BUYING glowing leather armour (160 gold).
  9538 | D:11     | Bought a glowing leather armour for 160 gold pieces
  9538 | D:11     | 9538 ||| SHOPLISTING runed cloak (240 gold, have 36).
  9564 | D:11     | 9564 ||| Stepping ~*~*~tactically~*~*~ (retreating).
  9565 | D:11     | 9565 ||| Stepping ~*~*~tactically~*~*~ (retreating).
  9566 | D:11     | 9566 ||| Stepping ~*~*~tactically~*~*~ (retreating).
  9567 | D:11     | 9567 ||| Stepping ~*~*~tactically~*~*~ (retreating).
  9568 | D:11     | 9568 ||| Stepping ~*~*~tactically~*~*~ (retreating).
  9569 | D:11     | 9569 ||| Stepping ~*~*~tactically~*~*~ (retreating).
  9570 | D:11     | 9570 ||| Stepping ~*~*~tactically~*~*~ (retreating).
  9571 | D:11     | 9571 ||| INVOKING Heroism.
  9574 | D:11     | 9574 ||| Stepping ~*~*~tactically~*~*~ (retreating).
  9627 | D:11     | Found a staircase to the Lair.
  9633 | D:11     | Identified the +1 pair of gloves "Seag" {Harm Stlth+}
  9664 | D:11     | Found a portal to a secret trove of treasure.
  9713 | D:11     | 9713 ||| DROPPING +0 steam dragon scales.
  9719 | D:11     | 9719 ||| INVOKING Heroism.
  9810 | D:11     | Reached skill level 9 in Invocations
  9843 | D:11     | 9843 ||| Stepping ~*~*~tactically~*~*~ (retreating).
  9847 | D:11     | 9847 ||| Stepping ~*~*~tactically~*~*~ (retreating).
  9851 | D:11     | 9851 ||| Stepping ~*~*~tactically~*~*~ (retreating).
  9852 | D:11     | 9852 ||| Stepping ~*~*~tactically~*~*~ (retreating).
  9853 | D:11     | 9853 ||| Stepping ~*~*~tactically~*~*~ (retreating).
  9854 | D:11     | 9854 ||| Stepping ~*~*~tactically~*~*~ (retreating).
  9856 | D:11     | 9856 ||| Stepping ~*~*~tactically~*~*~ (retreating).
  9857 | D:11     | 9857 ||| Stepping ~*~*~tactically~*~*~ (retreating).
  9858 | D:11     | 9858 ||| Stepping ~*~*~tactically~*~*~ (retreating).
  9859 | D:11     | 9859 ||| Stepping ~*~*~tactically~*~*~ (retreating).
  9860 | D:11     | 9860 ||| Stepping ~*~*~tactically~*~*~ (retreating).
  9861 | D:11     | 9861 ||| Stepping ~*~*~tactically~*~*~ (retreating).
  9862 | D:11     | 9862 ||| INVOKING Heroism.
  9870 | D:11     | HP: 12/77 [yak (11)]
  9871 | D:11     | 9871 ||| READING 3 scrolls of teleportation.
  9872 | D:11     | 9872 ||| DRINKING potion of heal wounds.
  9880 | D:11     | 9880 ||| FLEEEEING.
  9881 | D:11     | 9881 ||| FLEEEEING.
  9883 | D:11     | 9883 ||| INVOKING Heroism.
  9948 | D:11     | 9948 ||| FLEEEEING.
  9949 | D:11     | 9949 ||| FLEEEEING.
  9950 | D:11     | 9950 ||| FLEEEEING.
  9957 | D:11     | 9957 ||| STAIRDANCE
 10014 | D:10     | 10014 ||| DROPPING +0 acid dragon scales.
 10015 | D:10     | 10015 ||| UPGRADING to +3 leather armour of willpower.
 10025 | D:10     | 10025 ||| READING scroll labelled QOAGEY CYPP.
 10026 | D:10     | 10026 ||| READING scroll labelled HUIPLYITEO.
 10168 | D:11     | 10168 ||| FLEEEEING.
 10170 | D:11     | 10170 ||| FLEEEEING.
 10171 | D:11     | 10171 ||| FLEEEEING.
 10172 | D:11     | 10172 ||| FLEEEEING.
 10173 | D:11     | 10173 ||| FLEEEEING.
 10431 | D:11     | Reached skill level 15 in Ranged Weapons
 10504 | D:11     | 10504 ||| PLANNING LAIR
 10504 | D:11     | 10504 ||| READING scroll labelled WAF UGEUFEMUDO.
 10605 | D:11     | 10605 ||| READING 3 scrolls of identify.
 10605 | D:11     | 10605 ||| IDENTIFYING bubbling golden potion
 10606 | D:11     | 10606 ||| READING 2 scrolls of identify.
 10606 | D:11     | 10606 ||| IDENTIFYING red potion
 10607 | D:11     | 10607 ||| DROPPING potion of degeneration.
 10646 | Lair:1   | Entered Level 1 of the Lair of Beasts
 10647 | Lair:1   | 10647 ||| INVOKING Heroism.
 10648 | Lair:1   | 10648 ||| STAIRDANCE
 10699 | Lair:1   | 10699 ||| RETREEAATING.
 10700 | Lair:1   | 10700 ||| STILL RETREEAATING.
 10842 | Lair:1   | 10842 ||| INVOKING Heroism.
 10848 | Lair:1   | 10848 ||| Stepping ~*~*~tactically~*~*~ (retreating).
 10849 | Lair:1   | 10849 ||| RETREEAATING.
 10850 | Lair:1   | 10850 ||| Stepping ~*~*~tactically~*~*~ (retreating).
 10860 | Lair:1   | Received a gift from Okawaru
 11022 | Lair:1   | 11022 ||| RETREEAATING.
 11023 | Lair:1   | 11023 ||| STILL RETREEAATING.
 11024 | Lair:1   | 11024 ||| STILL RETREEAATING.
 11025 | Lair:1   | 11025 ||| STILL RETREEAATING.
 11027 | Lair:1   | 11027 ||| Stepping ~*~*~tactically~*~*~ (retreating).
 11510 | Lair:1   | 11510 ||| DROPPING +6 ring of intelligence.
 11540 | Lair:2   | Noticed Maggie
 11542 | Lair:2   | Killed Maggie
 11554 | Lair:2   | Noticed a five-headed hydra
 11555 | Lair:2   | 11555 ||| INVOKING Heroism.
 11576 | Lair:2   | 11576 ||| RETREEAATING.
 11577 | Lair:2   | 11577 ||| STILL RETREEAATING.
 11581 | Lair:2   | Killed a five-headed hydra
 11582 | Lair:2   | Reached XP level 13. HP: 82/82 MP: 20/20
 11620 | Lair:2   | Reached skill level 16 in Ranged Weapons
 11687 | Lair:2   | 11687 ||| INVOKING Heroism.
 11688 | Lair:2   | 11688 ||| INVOKING Finesse.
 11713 | Lair:2   | Received a gift from Okawaru
 11755 | Lair:2   | 11755 ||| READING scroll of enchant weapon.
 11755 | Lair:2   | 11755 ||| ENCHANTING +2 arbalest of freezing.
 11827 | Lair:2   | Noticed Harold
 11828 | Lair:2   | 11828 ||| INVOKING Heroism.
 11837 | Lair:2   | Killed Harold
 11908 | Lair:2   | 11908 ||| INVOKING Heroism.
 11960 | Lair:2   | 11960 ||| RETREEAATING.
 11961 | Lair:2   | 11961 ||| STILL RETREEAATING.
 11964 | Lair:2   | 11964 ||| RETREEAATING.
 11965 | Lair:2   | 11965 ||| STILL RETREEAATING.
 11966 | Lair:2   | 11966 ||| STILL RETREEAATING.
 11970 | Lair:2   | 11970 ||| Stepping ~*~*~tactically~*~*~ (retreating).
 11971 | Lair:2   | 11971 ||| Stepping ~*~*~tactically~*~*~ (retreating).
 11972 | Lair:2   | 11972 ||| Stepping ~*~*~tactically~*~*~ (retreating).
 12153 | Lair:2   | Noticed Amaemon
 12155 | Lair:2   | 12155 ||| INVOKING Heroism.
 12158 | Lair:2   | 12158 ||| RETREEAATING.
 12164 | Lair:2   | 12164 ||| Stepping ~*~*~tactically~*~*~ (retreating).
 12165 | Lair:2   | 12165 ||| Stepping ~*~*~tactically~*~*~ (retreating).
 12166 | Lair:2   | 12166 ||| Stepping ~*~*~tactically~*~*~ (retreating).
 12167 | Lair:2   | 12167 ||| Stepping ~*~*~tactically~*~*~ (retreating).
 12168 | Lair:2   | 12168 ||| Stepping ~*~*~tactically~*~*~ (retreating).
 12172 | Lair:2   | 12172 ||| STILL RETREEAATING.
 12178 | Lair:2   | Killed Amaemon
 12300 | Lair:2   | 12300 ||| INVOKING Heroism.
 12400 | Lair:2   | Found a staircase to the Shoals.
 12401 | Lair:2   | 12401 ||| Stepping ~*~*~tactically~*~*~ (water).
 12482 | Lair:2   | 12482 ||| READING scroll of brand weapon.
 12482 | Lair:2   | 12482 ||| BRANDING +3 arbalest of freezing.
 12582 | Lair:2   | 12582 ||| UPGRADING to +1 pair of boots.
 12592 | Lair:2   | 12592 ||| DROPPING +0 pair of boots.
 12606 | Lair:3   | 12606 ||| INVOKING Heroism.
 12627 | Lair:3   | Reached skill level 17 in Ranged Weapons
 12656 | Lair:3   | 12656 ||| INVOKING Heroism.
 12820 | Lair:3   | Found a staircase to the Snake Pit.
 12855 | Lair:3   | 12855 ||| INVOKING Heroism.
 12912 | Lair:3   | Reached skill level 6 in Dodging
 12933 | Lair:3   | 12933 ||| INVOKING Heroism.
 13099 | Lair:3   | 13099 ||| INVOKING Heroism.
 13117 | Lair:3   | 13117 ||| Stepping ~*~*~tactically~*~*~ (water).
 13650 | Lair:4   | 13650 ||| INVOKING Heroism.
 13651 | Lair:4   | 13651 ||| STAIRDANCE
 13665 | Lair:4   | 13665 ||| STAIRDANCE
 13796 | Lair:4   | 13796 ||| INVOKING Heroism.
 13885 | Lair:4   | 13885 ||| RETREEAATING.
 13890 | Lair:4   | 13890 ||| STILL RETREEAATING.
 13893 | Lair:4   | 13893 ||| STILL RETREEAATING.
 13952 | Lair:4   | 13952 ||| INVOKING Heroism.
 13955 | Lair:4   | 13955 ||| RETREEAATING.
 13981 | Lair:4   | 13981 ||| INVOKING Heroism.
 14038 | Lair:4   | 14038 ||| DRINKING potion of mutation.
 14038 | Lair:4   | Lost mutation: You occasionally lose the ability to drink
                  | potions when taking damage. [potion of mutation]
 14038 | Lair:4   | Lost mutation: Armour fits poorly on your strangely shaped
                  | body. [potion of mutation]
 14038 | Lair:4   | Gained mutation: You have a pair of small antennae on your
                  | head. [potion of mutation]
 14038 | Lair:4   | Gained mutation: You sometimes lose your temper in combat.
                  | [potion of mutation]
 14157 | Lair:4   | Found a glowing silver altar of Zin.
 14173 | Lair:4   | 14173 ||| INVOKING Heroism.
 14465 | Lair:4   | 14465 ||| DROPPING +0 helmet.
 14495 | Lair:5   | Entered Level 5 of the Lair of Beasts
 14496 | Lair:5   | 14496 ||| RETREEAATING.
 14497 | Lair:5   | 14497 ||| STILL RETREEAATING.
 14498 | Lair:5   | 14498 ||| Stepping ~*~*~tactically~*~*~ (retreating).
 14499 | Lair:5   | 14499 ||| Stepping ~*~*~tactically~*~*~ (retreating).
 14567 | Lair:5   | Reached skill level 18 in Ranged Weapons
 14611 | Lair:5   | Gained mutation: Your large and strong wings let you fly.
                  | [Gargoyle growth]
 14611 | Lair:5   | Reached XP level 14. HP: 90/90 MP: 21/21
 14686 | Lair:5   | 14686 ||| RETREEAATING.
 14687 | Lair:5   | 14687 ||| Stepping ~*~*~tactically~*~*~ (retreating).
 14688 | Lair:5   | 14688 ||| Stepping ~*~*~tactically~*~*~ (retreating).
 14709 | Lair:5   | 14709 ||| INVOKING Heroism.
 14826 | Lair:5   | 14826 ||| RETREEAATING.
 14828 | Lair:5   | 14828 ||| Stepping ~*~*~tactically~*~*~ (retreating).
 14837 | Lair:5   | 14837 ||| INVOKING Heroism.
 14840 | Lair:5   | 14840 ||| Stepping ~*~*~tactically~*~*~ (retreating).
 14841 | Lair:5   | 14841 ||| Stepping ~*~*~tactically~*~*~ (retreating).
 14842 | Lair:5   | 14842 ||| Stepping ~*~*~tactically~*~*~ (retreating).
 14847 | Lair:5   | 14847 ||| Stepping ~*~*~tactically~*~*~ (retreating).
 14848 | Lair:5   | 14848 ||| Stepping ~*~*~tactically~*~*~ (retreating).
 14849 | Lair:5   | 14849 ||| Stepping ~*~*~tactically~*~*~ (retreating).
 14851 | Lair:5   | Reached skill level 12 in Fighting
 14851 | Lair:5   | 14851 ||| Stepping ~*~*~tactically~*~*~ (retreating).
 14852 | Lair:5   | 14852 ||| Stepping ~*~*~tactically~*~*~ (retreating).
 15104 | Lair:5   | 15104 ||| INVOKING Heroism.
 15105 | Lair:5   | 15105 ||| INVOKING Finesse.
 15303 | Lair:5   | 15303 ||| INVOKING Heroism.
 15304 | Lair:5   | 15304 ||| Stepping ~*~*~tactically~*~*~ (retreating).
 15306 | Lair:5   | 15306 ||| INVOKING Finesse.
 15307 | Lair:5   | 15307 ||| Stepping ~*~*~tactically~*~*~ (retreating).
 15331 | Lair:5   | Received a gift from Okawaru
 15338 | Lair:5   | 15338 ||| INVOKING Heroism.
 15398 | Lair:5   | 15398 ||| INVOKING Heroism.
 15399 | Lair:5   | 15399 ||| INVOKING Finesse.
 15478 | Lair:5   | 15478 ||| INVOKING Heroism.
 15480 | Lair:5   | 15480 ||| RETREEAATING.
 15488 | Lair:5   | 15488 ||| Stepping ~*~*~tactically~*~*~ (retreating).
 15489 | Lair:5   | 15489 ||| Stepping ~*~*~tactically~*~*~ (retreating).
 15490 | Lair:5   | 15490 ||| Stepping ~*~*~tactically~*~*~ (retreating).
 15671 | Lair:5   | 15671 ||| RETREEAATING.
 15672 | Lair:5   | 15672 ||| INVOKING Heroism.
 15675 | Lair:5   | 15675 ||| Stepping ~*~*~tactically~*~*~ (retreating).
 15676 | Lair:5   | 15676 ||| Stepping ~*~*~tactically~*~*~ (retreating).
 15677 | Lair:5   | 15677 ||| Stepping ~*~*~tactically~*~*~ (retreating).
 15678 | Lair:5   | 15678 ||| Stepping ~*~*~tactically~*~*~ (retreating).
 15742 | Lair:5   | 15742 ||| INVOKING Heroism.
 15845 | Lair:5   | 15845 ||| INVOKING Heroism.
 15900 | Lair:5   | 15900 ||| INVOKING Heroism.
 16004 | Lair:5   | Identified the +1 leather armour "Qifoekli" {Harm *Corrode
                  | rF+ Int+2}
 16130 | Lair:5   | Found a runed translucent door.
 16130 | Lair:5   | Found a viscous altar of Jiyva.
 16131 | Lair:5   | Found a staircase to the Slime Pits.
 16190 | Lair:5   | 16190 ||| PLANNING D
 16190 | Lair:5   | 16190 ||| DROPPING +1 leather armour "Qifoekli" {Harm
                  | *Corrode rF+ Int+2}.
 16399 | D:12     | 16399 ||| INVOKING Heroism.
 16496 | D:12     | 16496 ||| READING scroll of brand weapon.
 16496 | D:12     | 16496 ||| BRANDING +3 arbalest of draining.
 16531 | D:12     | Found a shadowy altar of Dithmenos.
 16753 | D:12     | 16753 ||| UPGRADING to +1 hat.
 16758 | D:12     | 16758 ||| DROPPING +1 pair of boots.
 16759 | D:12     | 16759 ||| DROPPING ring of magical power.
 16781 | D:13     | 16781 ||| STAIRDANCE
 16790 | D:12     | 16790 ||| INVOKING Heroism.
 16978 | D:13     | 16978 ||| INVOKING Heroism.
 16986 | D:13     | Reached XP level 15. HP: 71/101 MP: 22/22
 17131 | D:13     | 17131 ||| INVOKING Heroism.
 17225 | D:13     | 17225 ||| RETREEAATING.
 17227 | D:13     | 17227 ||| RETREEAATING.
 17227 | D:13     | Found a gate to the Vaults.
 17233 | D:13     | Reached skill level 15 in Fighting
 17236 | D:13     | 17236 ||| INVOKING Heroism.
 17242 | D:13     | 17242 ||| Stepping ~*~*~tactically~*~*~ (retreating).
 17243 | D:13     | HP: 23/103 [vault guard/+0 halberd (5)]
 17244 | D:13     | 17244 ||| READING 7 scrolls of teleportation.
 17245 | D:13     | 17245 ||| DRINKING 4 potions of heal wounds.
 17437 | D:13     | 17437 ||| RETREEAATING.
 17438 | D:13     | 17438 ||| INVOKING Heroism.
 17503 | D:13     | Found Wuhoh's Mass Market.
 17631 | D:13     | Reached skill level 9 in Dodging
 17768 | D:13     | 17768 ||| INVOKING Heroism.
 17846 | D:13     | 17846 ||| FLEEEEING.
 17847 | D:13     | 17847 ||| FLEEEEING.
 17848 | D:13     | 17848 ||| FLEEEEING.
 17849 | D:13     | 17849 ||| FLEEEEING.
 17871 | D:13     | Reached skill level 6 in Armour
 18175 | D:13     | 18175 ||| UPGRADING to +5 ring of evasion.
 18177 | D:13     | 18177 ||| UPGRADING to ring of see invisible.
 18179 | D:13     | 18179 ||| DROPPING ring of see invisible.
 18380 | D:14     | 18380 ||| FLEEEEING.
 18382 | D:14     | 18382 ||| FLEEEEING.
 18383 | D:14     | 18383 ||| FLEEEEING.
 18384 | D:14     | 18384 ||| FLEEEEING.
 18385 | D:14     | 18385 ||| FLEEEEING.
 18386 | D:14     | 18386 ||| FLEEEEING.
 18387 | D:14     | 18387 ||| FLEEEEING.
 18388 | D:14     | 18388 ||| STAIRDANCE
 18436 | D:14     | Received a gift from Okawaru
 18550 | D:14     | 18550 ||| Stepping ~*~*~tactically~*~*~ (retreating).
 18559 | D:14     | 18559 ||| INVOKING Heroism.
 18755 | D:14     | 18755 ||| Stepping ~*~*~tactically~*~*~ (retreating).
 18756 | D:14     | 18756 ||| Stepping ~*~*~tactically~*~*~ (retreating).
 18757 | D:14     | 18757 ||| INVOKING Heroism.
 18762 | D:14     | 18762 ||| READING 8 scrolls of teleportation.
 18904 | D:15     | Entered Level 15 of the Dungeon
 18904 | D:15     | Noticed a fire giant
 18904 | D:15     | Found a staircase to the Depths.
 18905 | D:15     | 18905 ||| INVOKING Heroism.
 18906 | D:15     | 18906 ||| STAIRDANCE
 18918 | D:15     | 18918 ||| INVOKING Finesse.
 18919 | D:15     | 18919 ||| STAIRDANCE
 18947 | D:15     | 18947 ||| INVOKING Heroism.
 18948 | D:15     | 18948 ||| STAIRDANCE
 18960 | D:15     | 18960 ||| STAIRDANCE
 19077 | D:15     | 19077 ||| INVOKING Heroism.
 19078 | D:15     | 19078 ||| STAIRDANCE
 19091 | D:15     | 19091 ||| STAIRDANCE
 19263 | D:15     | 19263 ||| STAIRDANCE
 19494 | D:15     | 19494 ||| DRINKING potion of mutation.
 19494 | D:15     | Lost mutation: You passively dampen the noise of your
                  | surroundings. [potion of mutation]
 19494 | D:15     | Lost mutation: You have a pair of small antennae on your
                  | head. [potion of mutation]
 19494 | D:15     | Lost mutation: You sometimes lose your temper in combat.
                  | [potion of mutation]
 19494 | D:15     | Gained mutation: Your muscles are strong. (Str +4, Int/Dex
                  | -1) [potion of mutation]
 19494 | D:15     | Gained mutation: You are frail. (-10% HP) [potion of
                  | mutation]
 19494 | D:15     | Gained mutation: You have sharp toenails. [potion of
                  | mutation]
 19529 | D:15     | 19529 ||| INVOKING Heroism.
 19534 | D:15     | Killed a fire giant
 19564 | D:15     | 19564 ||| RETREEAATING.
 19566 | D:15     | 19566 ||| RETREEAATING.
 19568 | D:15     | 19568 ||| RETREEAATING.
 19570 | D:15     | 19570 ||| Stepping ~*~*~tactically~*~*~ (retreating).
 19581 | D:15     | 19581 ||| INVOKING Heroism.
 19590 | D:15     | 19590 ||| FLEEEEING.
 19591 | D:15     | 19591 ||| FLEEEEING.
 19592 | D:15     | 19592 ||| FLEEEEING.
 19593 | D:15     | 19593 ||| FLEEEEING.
 19594 | D:15     | 19594 ||| FLEEEEING.
 19595 | D:15     | 19595 ||| FLEEEEING.
 19596 | D:15     | 19596 ||| FLEEEEING.
 19597 | D:15     | 19597 ||| FLEEEEING.
 19598 | D:15     | 19598 ||| FLEEEEING.
 19599 | D:15     | 19599 ||| FLEEEEING.
 19600 | D:15     | 19600 ||| FLEEEEING.
 19601 | D:15     | 19601 ||| FLEEEEING.
 19602 | D:15     | 19602 ||| FLEEEEING.
 19603 | D:15     | 19603 ||| FLEEEEING.
 19604 | D:15     | 19604 ||| FLEEEEING.
 19605 | D:15     | 19605 ||| INVOKING Heroism.
 19609 | D:15     | 19609 ||| FLEEEEING.
 19610 | D:15     | 19610 ||| FLEEEEING.
 19611 | D:15     | 19611 ||| FLEEEEING.
 19612 | D:15     | 19612 ||| FLEEEEING.
 19613 | D:15     | 19613 ||| FLEEEEING.
 19614 | D:15     | 19614 ||| FLEEEEING.
 19824 | D:15     | 19824 ||| RETREEAATING.
 19826 | D:15     | 19826 ||| RETREEAATING.
 19828 | D:15     | 19828 ||| Stepping ~*~*~tactically~*~*~ (retreating).
 19838 | D:15     | 19838 ||| INVOKING Heroism.
 19961 | D:15     | Found a blossoming altar of Fedhas.
 20021 | D:15     | Found Teafuic's Antique Weapon Emporium.
 20077 | D:15     | 20077 ||| DROPPING +6 ring of strength.
 20078 | D:15     | 20078 ||| DROPPING ring of protection from cold.
 20266 | D:14     | 20266 ||| INVOKING Heroism.
 20653 | D:14     | 20653 ||| READING 3 scrolls of identify.
 20653 | D:14     | 20653 ||| IDENTIFYING fuming clear potion
 20733 | D:15     | 20733 ||| BUYING longbow (156 gold).
 20733 | D:15     | Bought a longbow for 156 gold pieces
 20733 | D:15     | 20733 ||| SWAPPING to +0 longbow.
 20734 | D:15     | 20734 ||| DROPPING +3 heavy arbalest.
 20822 | D:15     | 20822 ||| PLANNING ORC
 20822 | D:15     | 20822 ||| DROPPING ring of wizardry.
 21005 | Orc:1    | Entered Level 1 of the Orcish Mines
 21007 | Orc:1    | 21007 ||| STAIRDANCE
 21021 | Orc:1    | 21021 ||| STAIRDANCE
 21067 | Orc:1    | 21067 ||| STAIRDANCE
 21110 | Orc:1    | 21110 ||| STAIRDANCE
 21179 | Orc:1    | 21179 ||| STAIRDANCE
 21254 | Orc:1    | 21254 ||| STAIRDANCE
 21260 | D:9      | 21260 ||| INVOKING Heroism.
 21380 | Orc:1    | 21380 ||| STAIRDANCE
 21420 | Orc:1    | 21420 ||| STAIRDANCE
 21451 | Orc:1    | 21451 ||| STAIRDANCE
 21482 | Orc:1    | 21482 ||| STAIRDANCE
 21495 | Orc:1    | 21495 ||| STAIRDANCE
 21508 | Orc:1    | Found Nuos's Needful Niceties.
 21811 | Orc:2    | Entered Level 2 of the Orcish Mines
 21815 | Orc:2    | 21815 ||| STAIRDANCE
 21939 | Orc:2    | 21939 ||| INVOKING Heroism.
 21940 | Orc:2    | 21940 ||| RETREEAATING.
 21948 | Orc:2    | 21948 ||| Stepping ~*~*~tactically~*~*~ (retreating).
 21951 | Orc:2    | 21951 ||| Stepping ~*~*~tactically~*~*~ (retreating).
 22304 | Orc:2    | Reached XP level 16. HP: 100/100 MP: 23/23
 22315 | Orc:2    | Found a staircase to the Elven Halls.
 22320 | Orc:2    | 22320 ||| INVOKING Heroism.
 22321 | Orc:2    | 22321 ||| RETREEAATING.
 22343 | Orc:2    | 22343 ||| Stepping ~*~*~tactically~*~*~ (retreating).
 22345 | Orc:2    | 22345 ||| Stepping ~*~*~tactically~*~*~ (retreating).
 22346 | Orc:2    | 22346 ||| Stepping ~*~*~tactically~*~*~ (retreating).
 22347 | Orc:2    | 22347 ||| Stepping ~*~*~tactically~*~*~ (retreating).
 22354 | Orc:2    | 22354 ||| Stepping ~*~*~tactically~*~*~ (retreating).
 22355 | Orc:2    | 22355 ||| Stepping ~*~*~tactically~*~*~ (retreating).
 22356 | Orc:2    | 22356 ||| Stepping ~*~*~tactically~*~*~ (retreating).
 22357 | Orc:2    | 22357 ||| Stepping ~*~*~tactically~*~*~ (retreating).
 22366 | Orc:2    | 22366 ||| INVOKING Heroism.
 22569 | Orc:2    | 22569 ||| INVOKING Heroism.
 22739 | Orc:2    | 22739 ||| INVOKING Heroism.
 22822 | Orc:2    | Found Zell's Weapon Shoppe.
 22965 | Orc:2    | 22965 ||| INVOKING Heroism.
 22996 | Orc:2    | HP: 19/100 [orc warrior/+0 halberd (9)]
 22997 | Orc:2    | 22997 ||| READING 7 scrolls of teleportation.
 22998 | Orc:2    | 22998 ||| DRINKING 3 potions of heal wounds.
 23000 | Orc:2    | 23000 ||| DRINKING 2 potions of heal wounds.
 23292 | Orc:2    | 23292 ||| INVOKING Heroism.
 23294 | Orc:2    | 23294 ||| RETREEAATING.
 23295 | Orc:2    | 23295 ||| STILL RETREEAATING.
 23302 | Orc:2    | 23302 ||| STILL RETREEAATING.
 23303 | Orc:2    | 23303 ||| STILL RETREEAATING.
 23304 | Orc:2    | 23304 ||| STILL RETREEAATING.
 23305 | Orc:2    | 23305 ||| STILL RETREEAATING.
 23306 | Orc:2    | 23306 ||| STILL RETREEAATING.
 23307 | Orc:2    | 23307 ||| STILL RETREEAATING.
 23310 | Orc:2    | 23310 ||| STILL RETREEAATING.
 23320 | Orc:2    | 23320 ||| INVOKING Heroism.
 23402 | Orc:2    | Found Cutoha's Antique Weapon Boutique.
 23404 | Orc:2    | Found Fehiump's Antique Armour Shop.
 23411 | Orc:2    | 23411 ||| BUYING glowing arbalest (262 gold).
 23411 | Orc:2    | Bought a glowing arbalest for 262 gold pieces
 23411 | Orc:2    | 23411 ||| DROPPING +1 arbalest of draining.
 23418 | Orc:2    | 23418 ||| BUYING embroidered robe (107 gold).
 23418 | Orc:2    | Bought an embroidered robe for 107 gold pieces
 23418 | Orc:2    | 23418 ||| BUYING runed ring mail (203 gold).
 23418 | Orc:2    | Bought a runed ring mail for 203 gold pieces
 23477 | Orc:2    | 23477 ||| INVOKING Heroism.
 23531 | Orc:2    | 23531 ||| INVOKING Heroism.
 23584 | Orc:2    | Found Qatteu Yxif's Assorted Antiques.
 23589 | Orc:2    | 23589 ||| BUYING glowing ring mail (231 gold).
 23589 | Orc:2    | Bought a glowing ring mail for 231 gold pieces
 23589 | Orc:2    | 23589 ||| PLANNING SNAKE:1-3
 23589 | Orc:2    | 23589 ||| DROPPING +2 robe.
 23590 | Orc:2    | 23590 ||| UPGRADING to +3 ring mail of cold resistance.
 23600 | Orc:2    | 23600 ||| DROPPING +2 ring mail of cold resistance.
 23803 | Snake:1  | Entered Level 1 of the Snake Pit
 23867 | Snake:1  | Found Ontar's Book Shoppe.
 23954 | Snake:1  | Reached skill level 19 in Ranged Weapons
 24066 | Snake:1  | 24066 ||| RETREEAATING.
 24068 | Snake:1  | 24068 ||| STILL RETREEAATING.
 24071 | Snake:1  | 24071 ||| STILL RETREEAATING.
 24077 | Snake:1  | 24077 ||| STILL RETREEAATING.
 24081 | Snake:1  | 24081 ||| Stepping ~*~*~tactically~*~*~ (retreating).
 24082 | Snake:1  | 24082 ||| Stepping ~*~*~tactically~*~*~ (retreating).
 24100 | Snake:1  | 24100 ||| INVOKING Heroism.
 24285 | Snake:1  | 24285 ||| INVOKING Heroism.
 24301 | Snake:1  | 24301 ||| READING scroll of enchant weapon.
 24301 | Snake:1  | 24301 ||| ENCHANTING +0 longbow.
 24421 | Snake:1  | 24421 ||| RETREEAATING.
 24422 | Snake:1  | 24422 ||| STILL RETREEAATING.
 24424 | Snake:1  | 24424 ||| INVOKING Heroism.
 24438 | Snake:1  | 24438 ||| Stepping ~*~*~tactically~*~*~ (retreating).
 24439 | Snake:1  | 24439 ||| Stepping ~*~*~tactically~*~*~ (retreating).
 24440 | Snake:1  | 24440 ||| Stepping ~*~*~tactically~*~*~ (retreating).
 24454 | Snake:1  | 24454 ||| INVOKING Heroism.
 24974 | Snake:2  | 24974 ||| INVOKING Heroism.
 24984 | Snake:2  | 24984 ||| RETREEAATING.
 24986 | Snake:2  | 24986 ||| STILL RETREEAATING.
 24989 | Snake:2  | 24989 ||| STILL RETREEAATING.
 24990 | Snake:2  | 24990 ||| STILL RETREEAATING.
 25003 | Snake:2  | 25003 ||| Stepping ~*~*~tactically~*~*~ (retreating).
 25025 | Snake:2  | 25025 ||| INVOKING Heroism.
 25112 | Snake:2  | 25112 ||| INVOKING Heroism.
 25170 | Snake:2  | 25170 ||| INVOKING Heroism.
 25338 | Snake:2  | 25338 ||| Stepping ~*~*~tactically~*~*~ (retreating).
 25411 | Snake:2  | 25411 ||| RETREEAATING.
 25415 | Snake:2  | 25415 ||| Stepping ~*~*~tactically~*~*~ (retreating).
 25416 | Snake:2  | 25416 ||| Stepping ~*~*~tactically~*~*~ (retreating).
 25417 | Snake:2  | 25417 ||| STILL RETREEAATING.
 25418 | Snake:2  | 25418 ||| Stepping ~*~*~tactically~*~*~ (retreating).
 25419 | Snake:2  | 25419 ||| Stepping ~*~*~tactically~*~*~ (retreating).
 25420 | Snake:2  | 25420 ||| Stepping ~*~*~tactically~*~*~ (retreating).
 25582 | Snake:2  | 25582 ||| FLEEEEING.
 25642 | Snake:2  | Noticed Frances
 25643 | Snake:2  | 25643 ||| RETREEAATING.
 25644 | Snake:2  | 25644 ||| STILL RETREEAATING.
 25645 | Snake:2  | 25645 ||| Stepping ~*~*~tactically~*~*~ (retreating).
 25646 | Snake:2  | 25646 ||| Stepping ~*~*~tactically~*~*~ (retreating).
 25647 | Snake:2  | 25647 ||| Stepping ~*~*~tactically~*~*~ (retreating).
 25648 | Snake:2  | 25648 ||| Stepping ~*~*~tactically~*~*~ (retreating).
 25649 | Snake:2  | 25649 ||| Stepping ~*~*~tactically~*~*~ (retreating).
 25650 | Snake:2  | 25650 ||| INVOKING Heroism.
 25660 | Snake:2  | 25660 ||| Stepping ~*~*~tactically~*~*~ (retreating).
 25661 | Snake:2  | 25661 ||| Stepping ~*~*~tactically~*~*~ (retreating).
 25668 | Snake:2  | Killed Frances
 25669 | Snake:2  | Reached skill level 20 in Ranged Weapons
 25756 | Snake:2  | Found Ajol's Magic Scroll Boutique.
 25789 | Snake:2  | 25789 ||| BUYING 3 scrolls of enchant weapon (315 gold).
 25789 | Snake:2  | Bought 3 scrolls of enchant weapon for 315 gold pieces
 25789 | Snake:2  | 25789 ||| BUYING scroll of enchant armour (105 gold).
 25789 | Snake:2  | Bought a scroll of enchant armour for 105 gold pieces
 25789 | Snake:2  | 25789 ||| BUYING scroll of identify (28 gold).
 25789 | Snake:2  | Bought a scroll of identify for 28 gold pieces
 25789 | Snake:2  | 25789 ||| BUYING scroll of identify (28 gold).
 25789 | Snake:2  | Bought a scroll of identify for 28 gold pieces
 25789 | Snake:2  | 25789 ||| BUYING scroll of identify (28 gold).
 25789 | Snake:2  | Bought a scroll of identify for 28 gold pieces
 25789 | Snake:2  | 25789 ||| BUYING scroll of identify (28 gold).
 25789 | Snake:2  | Bought a scroll of identify for 28 gold pieces
 25789 | Snake:2  | 25789 ||| READING 3 scrolls of enchant weapon.
 25789 | Snake:2  | 25789 ||| ENCHANTING +1 longbow.
 25790 | Snake:2  | 25790 ||| READING 2 scrolls of enchant weapon.
 25790 | Snake:2  | 25790 ||| ENCHANTING +2 longbow.
 25791 | Snake:2  | 25791 ||| READING scroll of enchant weapon.
 25791 | Snake:2  | 25791 ||| ENCHANTING +3 longbow.
 25792 | Snake:2  | 25792 ||| READING scroll of enchant armour.
 25792 | Snake:2  | 25792 ||| ENCHANTING +0 pair of gloves.
 25919 | Snake:2  | Found Ratode's Book Shoppe.
 25919 | Snake:2  | Found Jinouseg's Jewellery Shop.
 25925 | Snake:2  | 25925 ||| Stepping ~*~*~tactically~*~*~ (retreating).
 25966 | Snake:2  | Found Rimykliwn's Book Shoppe.
 25975 | Snake:2  | 25975 ||| SHOPLISTING ring "Okliywnu" {Contam rElec Int+3
                  | Dex+6} (760 gold, have 343).
 25975 | Snake:2  | 25975 ||| SHOPLISTING ring "Pyteus" {Contam rElec Will++
                  | Int+6 Dex+2} (939 gold, have 343).
 26097 | Snake:2  | 26097 ||| RETREEAATING.
 26098 | Snake:2  | 26098 ||| STILL RETREEAATING.
 26099 | Snake:2  | 26099 ||| STILL RETREEAATING.
 26100 | Snake:2  | 26100 ||| STILL RETREEAATING.
 26102 | Snake:2  | HP: 21/100 [salamander/+2 heavy halberd (39)]
 26102 | Snake:2  | HP: 9/100 [salamander/+2 heavy halberd (12)]
 26102 | Snake:2  | HP: 3/100 [salamander mystic/+0 quarterstaff (5)]
 26102 | Snake:2  | Demolished by a salamander mystic

Levels and vault maps discovered:
D:1:      reono_arrival_forest_river, layout_rooms, serial_shops, shop
D:2:      kennysheep_six_static_rooms, layout_basic, st_stairs_11,
          corexii_leaking_fountain
D:3:      layout_loops_corners, st_stairs_3, dk_vineyard_1
D:4:      layout_loops_corners, serial_shops,
          nicolae_shop_pleasant_corner_grove, hangedman_abyss_or_decor_stabs,
          uniq_pikel
D:5:      layout_cave_pools, minmay_temple_entry_offerings, serial_shops,
          nicolae_shop_drivethru, nicolae_custom_books, nicolae_the_louvre,
          uniq_ijyb, uniq_menkaure, uniq_duvessa
D:6:      layout_rooms, old_standard_altar
D:7:      layout_rooms
D:8:      layout_basic, ebering_ghost_funeral_grove, serial_aquarium,
          aquarium_bridge_long_joined [aquarium_subvault_bridge,
          aquarium_subvault_bridge, aquarium_subvault_window,
          aquarium_subvault_bridge, aquarium_subvault_wall,
          aquarium_subvault_window], aquarium_window_1, aquarium_window_2,
          aquarium_view_2c, aquarium_pool_double, enter_bailey_3, uniq_maurice
D:9:      minmay_blocky_corners, layout_basic, orc_0_dummy, serial_shops,
          nicolae_shop_dealshenge, nicolae_book_shop_shelving,
          eino_tiny_chamber, nicolae_beast_mode
D:10:     layout_basic, hangedman_tell_no_tales, uniq_sonja, uniq_erica
D:11:     layout_irregular_city, due_lair_maze_entry_diamond, serial_ice,
          serial_ice_a, serial_ice_g, serial_ice_n, serial_ice_m, serial_shops,
          nicolae_diamond_shop, nicolae_trove_entry_diagonal
D:12:     layout_cave_pools, chequers_serial_rivers_micro_d,
          grunt_dithmenos_smoke
D:13:     layout_long_grid, erik_vaults_2, minmay_shop_mass
D:14:     layout_basic, minmay_misc_feat_columns, minivault_11
D:15:     grunt_enter_depths_giant_problem, layout_rooms, serial_shops,
          nicolae_shop_hallway_stairs, portal_ice_cave_entry_pillars_three,
          fedhas_altar_1
Temple:   roderic_octagonal_lattice_temple
Lair:1:   layout_chaotic_city, chequers_serial_rivers_marsh, grunt_megastairs_1,
          lemuel_fruit_fields
Lair:2:   layout_misc_corridors, elwin_shoals_entry_rooms,
          infiniplex_staircase_pool_2, uniq_harold, uniq_maggie, uniq_amaemon
Lair:3:   layout_cave_pods, guppyfry_snake_entry_island, lemuel_fruit_tree,
          serial_bayou_shore_a
Lair:4:   layout_loops_ring, basic_altar, serial_bayou_ford_a,
          infiniplex_staircase_pool
Lair:5:   evilmike_catoblepas_cave, layout_misc_corridors, slime_entry_2
Snake:1:  layout_gridlike, serial_shops, nicolae_shop_tiny_waterfront,
          drop_trap, nrook_loot_triangle, nicolae_coiled_stairwell_down,
          grunt_megastairs_4
Snake:2:  layout_misc_corridors, serial_shops, shop, minmay_shop_grove,
          uniq_frances
Orc:1:    layout_caves, basic_altar, nicolae_alphabet_shops
Orc:2:    grunt_orc_community_town_hall, layout_caves,
          grunt_orc_community_big_house_1, grunt_orc_community_big_house_2,
          grunt_orc_community_house_2, grunt_orc_community_house_3,
          grunt_orc_community_house_1, grunt_orc_community_house_1,
          grunt_orc_community_house_3, grunt_orc_community_house_1

Skill      XL: |  1  2  3  4  5  6  7  8  9 10 11 12 13 14 15 16 |
---------------+-------------------------------------------------+-----
Ranged Weapons | 5 6 7 8 9 11 13 14 15 18 20 | 20.0
Fighting       | 3 4 6 8 9 10 11 14 17 | 17.0
Armour         | 1 2 3 4 5 6 8 |  8.6
Dodging        | 2 3 4 5 6 8 9 |  9.5
Invocations    | 3 4 7 10 | 10.0
Stealth        | |  1.1

Action                     |  1- 3 |  4- 6 |  7- 9 | 10-12 | 13-15 | 16-18 || total
---------------------------+-------+-------+-------+-------+-------+-------++-------
   Fire: Shortbow          |    97 |   109 |     1 |       |       |       ||   207
         Arbalest          |       |       |   242 |   603 |   934 |       ||  1779
         Longbow           |       |       |       |       |   227 |   706 ||   933
 Invoke: Heroism           |       |       |     4 |    17 |    45 |    18 ||    84
         Finesse           |       |       |       |       |     5 |       ||     5
    Use: Scroll            |     2 |     5 |     9 |     9 |     6 |     6 ||    37
         Potion            |       |     3 |     3 |     4 |     3 |     2 ||    15
 Armour: Leather armour    |    44 |    28 |    24 |    31 |   366 |    53 ||   546
         Ring mail         |       |       |   148 |   330 |       |    94 ||   572
  Dodge: Dodged            |    41 |    20 |   150 |   292 |   525 |   335 ||  1363
         Repelled          |       |       |     1 |     2 |    10 |    11 ||    24
  Block: Other             |       |       |       |    48 |   146 |    69 ||   263
         Reflection        |       |       |       |     1 |    10 |     8 ||    19

Table legend:
 A = Non-vault XP
 B = Vault XP
 C = Vault XP percentage of total XP
 D = Non-vault monster count
 E = Vault monster count
 F = Vault count percentage of total count
                 A         B        C        D         E       F
            +---------+---------+-------+---------+---------+-------
      Total |  125180 |   45609 |  26.7 |     596 |     182 |  23.4
            +---------+---------+-------+---------+---------+-------
        D:1 |      26 |       2 |   7.1 |      15 |       1 |   6.2
        D:2 |      47 |      24 |  33.8 |      17 |       7 |  29.2
        D:3 |     165 |       3 |   1.8 |      24 |       2 |   7.7
        D:4 |     624 |     639 |  50.6 |      23 |       2 |   8.0
        D:5 |     379 |     378 |  49.9 |      10 |       3 |  23.1
        D:6 |    1187 |       0 |   0.0 |      23 |       0 |   0.0
        D:7 |     580 |       0 |   0.0 |      10 |       0 |   0.0
        D:8 |     721 |     464 |  39.2 |      19 |       5 |  20.8
        D:9 |    7246 |    3587 |  33.1 |      72 |      11 |  13.3
       D:10 |    3457 |    2016 |  36.8 |      33 |       9 |  21.4
       D:11 |    2845 |    2545 |  47.2 |      16 |      13 |  44.8
       D:12 |    5919 |       0 |   0.0 |      10 |       0 |   0.0
       D:13 |    7969 |    6956 |  46.6 |      24 |       8 |  25.0
       D:14 |   11778 |       0 |   0.0 |      21 |       0 |   0.0
       D:15 |   12656 |    1304 |   9.3 |      19 |       1 |   5.0
     Lair:1 |    3464 |    1833 |  34.6 |      18 |       7 |  28.0
     Lair:2 |    7504 |    3183 |  29.8 |      29 |       6 |  17.1
     Lair:3 |    6880 |     326 |   4.5 |      26 |       2 |   7.1
     Lair:4 |    2885 |       0 |   0.0 |      13 |       0 |   0.0
     Lair:5 |   15854 |   10855 |  40.6 |      57 |      23 |  28.8
    Snake:1 |    7338 |    4084 |  35.8 |      17 |       9 |  34.6
    Snake:2 |   20754 |    1475 |   6.6 |      41 |       1 |   2.4
      Orc:1 |     769 |       0 |   0.0 |      20 |       0 |   0.0
      Orc:2 |    4133 |    5935 |  58.9 |      39 |      72 |  64.9
            +---------+---------+-------+---------+---------+-------
